 Dungeon Crawl Stone Soup version 0.28.0 (webtiles) character file.

Game seed: 12014567746836419550

110 HallandMoats the Skirmisher (level 4, 0/37 HPs)
             Began as a Demonspawn Monk on Feb 12, 2022.
             Succumbed to Crazy Yiuf's poison
             ... on level 3 of the Dungeon.
             The game lasted 00:02:25 (3047 turns).

HallandMoats the Skirmisher (Demonspawn Monk)       Turns: 3047, Time: 00:02:26

Health: 0/37       AC:  5    Str: 13    XL:     4   Next: 61%
Magic:  0/5        EV: 11    Int: 12    God:
Gold:   159        SH:  0    Dex: 15    Spells: 3/3 levels left

rFire   . . .      SeeInvis .     - Unarmed
rCold   . . .      Faith    .   (no shield)
rNeg    . . .      Spirit   .   i - +0 ring mail
rPois   .          Reflect  .   (helmet restricted)
rElec   .          Harm     .   (no cloak)
rCorr   .          Rampage  .   (no gloves)
Will    .....                   (no boots)
Stlth   +.........              (no amulet)
HPRegen 0.12/turn               (no ring)
MPRegen 0.09/turn               (no ring)

@: lethally poisoned (0 -> -3)
A: antennae 1, powered by death 1
a: no special abilities


You were on level 3 of the Dungeon.
You visited 1 branch of the dungeon, and saw 3 of its levels.

You collected 159 gold pieces.

Inventory:

Armour
 i - a +0 ring mail (worn)
Jewellery
 n - a ring of fire
Scrolls
 a - a scroll of holy word {unknown}
 d - 2 scrolls of vulnerability {unknown}
 f - a scroll of blinking {unknown}
 g - a scroll of enchant weapon {unknown}
 h - a scroll of teleportation {unknown}
 j - a scroll of amnesia {unknown}
 m - a scroll of identify {unknown}
Potions
 b - a potion of attraction {unknown}
 c - a potion of curing
 e - a potion of magic {unknown}
 k - a potion of heal wounds {unknown}
 l - a potion of lignification {unknown}


   Skills:
 * Level 3.9 Fighting
 + Level 1.2 Armour
 + Level 3.0 Dodging
 - Level 1.7 Stealth
 * Level 3.4 Unarmed Combat
 + Level 1.8 Invocations


You had 3 spell levels left.
You didn't know any spells.
Your spell library contained the following spells:

 Spells                   Type           Power      Damage    Failure   Level
 Sublimation of Blood     Necr           0%         N/A       71%         2
 Wereblood                Tmut           0%         N/A       71%         2
 Summon Hydra             Summ           0%         N/A       100%        7


Dungeon Overview and Level Annotations

Branches:
Dungeon (3/15)

Altars:
Nemelex Xobeh
Uskayaw

Annotations:
D:3 Crazy Yiuf


Innate Abilities, Weirdness & Mutations

You have a pair of small antennae on your head.
You regenerate a little health from kills.


Message History

No target in view!
No target in view!
No target in view!
You see here a ball python corpse.
There is an open door here.
There is an open door here.
Crazy Yiuf shouts!
Key pressed, stopping explore.
Could not explore, unopened runed door.
Could not explore, unopened runed door.
Could not explore, unopened runed door.
Could not explore, unopened runed door.
You open the door. You hit Crazy Yiuf.
Crazy Yiuf is lightly wounded.
Crazy Yiuf closely misses you.
You hit Crazy Yiuf but do no damage.
Crazy Yiuf is lightly wounded.
Crazy Yiuf zaps a wand.
The puff of flame hits you.
You punch Crazy Yiuf!
Crazy Yiuf is heavily wounded.
Crazy Yiuf hits you with a +3 quarterstaff of chaos!
You feel your power leaking away.
You hit Crazy Yiuf.
Crazy Yiuf is severely wounded.
Crazy Yiuf hits you with a +3 quarterstaff of chaos.
You are poisoned.
You closely miss Crazy Yiuf.
Crazy Yiuf is severely wounded.
You feel sick.
Crazy Yiuf zaps a wand.
The puff of flame misses you.
You hit Crazy Yiuf.
Crazy Yiuf is almost dead.
You feel sick. Crazy Yiuf barely misses you.
You hit Crazy Yiuf.
Crazy Yiuf is almost dead.
You feel sick.
Crazy Yiuf zaps a wand.
The puff of flame hits you!
* * * LOW HITPOINT WARNING * * *
You closely miss Crazy Yiuf.
Crazy Yiuf is almost dead.
You die...

#.#.###
#......
###.###
##### ##.##
#..)#
#######...#
#...#
#.........#
...
##.####...#
#g#
##.###..<##
♣♣@♣
##......<.
♣.♣♣
##..##...##
♣♣.♣
##.#.###.###
♣.♣♣ #.##.#
#.... ♣♣.♣♣
####.###.###
♣...♣♣
#........
♣....♣
####...##
#....#
##.....#
##+..+#####
##.......


You could see Crazy Yiuf.

Vanquished Creatures
  A howler monkey zombie (D:3)
  5 adders
  3 worms
  A dart slug (D:3)
  3 bats
  5 endoplasms
  2 giant cockroaches (D:3)
  2 goblins (D:2)
  3 hobgoblins (D:3)
  3 kobolds
  4 quokkas
  6 ball pythons
  A frilled lizard (D:2)
  6 rats
45 creatures vanquished.

Vanquished Creatures (others)
  A demonic plant (D:1)
  16 plants (D:2)
17 creatures vanquished.

Grand Total: 62 creatures vanquished

Notes
Turn   | Place    | Note
-------+----------+-------------------------------------------
     0 | D:1      | HallandMoats the Demonspawn Monk began the quest for the
                  | Orb.
     0 | D:1      | Reached XP level 1. HP: 18/18 MP: 1/1
   355 | D:1      | Found a faded altar of an unknown god.
   685 | D:2      | Discovered your monstrous ancestry.
   685 | D:2      | Gained mutation: You have a pair of small antennae on your
                  | head. [demonic ancestry]
   685 | D:2      | Reached XP level 2. HP: 7/24 MP: 2/2
   997 | D:2      | Reached skill level 1 in Invocations
  1092 | D:2      | You fall into a shaft and drop 1 floor!
  1110 | D:3      | Gained mutation: You regenerate a little health from kills.
                  | [demonic ancestry]
  1110 | D:3      | Reached XP level 3. HP: 29/29 MP: 3/3
  1331 | D:2      | Reached skill level 1 in Armour
  2295 | D:3      | Reached XP level 4. HP: 35/36 MP: 5/5
  2320 | D:3      | Found a runed translucent door.
  2321 | D:3      | Noticed Crazy Yiuf
  2503 | D:3      | Found a hide-covered altar of Uskayaw.
  2687 | D:3      | Found a sparkling altar of Nemelex Xobeh.
  3046 | D:3      | HP: 1/37 [Crazy Yiuf/puff of flame (9)]
  3047 | D:3      | Succumbed to Crazy Yiuf's poison

Illustrated notes

Levels and vault maps discovered:
D:1:      saegor_arrival_simple_e, layout_loops_cross,
          shapermc_ecumenical_altar_gd, minmay_misc_feat_four_crosses
D:2:      layout_loops_ring, serial_bayou_lagoon_b
D:3:      layout_loops_corners, nicolae_uskayaw_suspiria,
          nemelex_spade_bored_becter, uniq_crazy_yiuf_cottage

Skill      XL: |  1  2  3 |
---------------+----------+-----
Unarmed Combat | 3 |  3.4
Invocations    | 1 |  1.8
Armour         | 1 |  1.2
Dodging        | 3 |  3.0
Fighting       | |  3.9
Stealth        | |  1.7

Action                   |  1- 3 |  4- 6 || total
-------------------------+-------+-------++-------
Melee: Unarmed           |   158 |    64 ||   222
       Punch             |     5 |     1 ||     6
  Use: Potion            |     1 |       ||     1
 Stab: Sleeping          |     3 |       ||     3
       Distracted        |     1 |       ||     1
Armor: Robe              |     9 |       ||     9
       Ring mail         |    19 |    19 ||    38
Dodge: Dodged            |    95 |    23 ||   118
